 Dungeon Crawl Stone Soup version 0.19-a0-856-g54f7fbd (webtiles) character file.

396 Arkorax the Poker (level 6, -9/56 HPs)
             Began as a Draconian Gladiator on July 2, 2016.
             Shot with an arrow by a centaur (15 damage)
             ... on level 5 of the Dungeon.
             The game lasted 00:03:49 (3858 turns).

Arkorax the Poker (Draconian Gladiator)             Turns: 3858, Time: 00:03:50

Health: -9/56      AC:  8    Str: 18    XL:     6   Next: 52%
Magic:  6/6        EV: 14    Int:  8    God:
Gold:   174        SH:  0    Dex: 13    Spells: 0 memorised, 5 levels left

rFire  . . .     SeeInvis .     a - +0 trident
rCold  . . .     Gourm    .     (armour unavailable)
rNeg   . . .     Faith    .     (no shield)
rPois  .         Spirit   .     b - +0 hat
rElec  .         Dismiss  .     q - +1 cloak
rCorr  +         Reflect  .     (no gloves)
SustAt .         Harm     .     (no boots)
MR     .....                    (no amulet)
Stlth  +.........               (no ring)
                                j - ring of resist corrosion

@: not resistant to hostile enchantments, very unstealthy
A: unfitting armour, cold-blooded, AC +6
a: no special abilities


You were on level 5 of the Dungeon.
You were not hungry.

You visited 1 branch of the dungeon, and saw 5 of its levels.

You collected 174 gold pieces.

Inventory:

Hand Weapons
 a - a +0 trident (weapon)
 r - a +3 quarterstaff of chaos
Missiles
 c - 2 throwing nets (quivered)
Armour
 b - a +0 hat (worn)
 q - a +1 cloak (worn)
Jewellery
 j - a ring of resist corrosion (left hand)
Wands
 v - a wand of slowing (20/48)
Scrolls
 f - a scroll of amnesia {unknown}
 i - 3 scrolls of identify
 m - a scroll of enchant armour {unknown}
 n - 3 scrolls of teleportation {unknown}
 o - a scroll of random uselessness {unknown}
 s - a scroll of immolation {unknown}
 u - a scroll of fear {unknown}
 w - a scroll of enchant weapon {unknown}
 x - a scroll of magic mapping {unknown}
Potions
 e - 3 potions of haste
 g - a potion of ambrosia {unknown}
 h - a potion of heal wounds {unknown}
 l - 3 potions of lignification {unknown}
 p - a potion of curing {unknown}
Comestibles
 d - 4 bread rations
 k - a beef jerky
 t - 8 fruits
 z - a slice of pizza
 A - a meat ration


   Skills:
 * Level 5.1 Fighting
 * Level 5.2 Polearms
 - Level 1.7 Throwing
 + Level 3.8 Dodging


You had 5 spell levels left.
You didn't know any spells.

Dungeon Overview and Level Annotations

Branches:
Dungeon (5/15)
 Temple: D:4-7

Altars:
Cheibriados
Hepliaklqana

Shops:
D:4 [

Annotations:
D:3 Terence


Innate Abilities, Weirdness & Mutations

Your plain brown scales are hard. (AC +6)
Your body does not fit into most forms of armour.
You are cold-blooded and may be slowed by cold attacks.


Message History

Aim: a centaur, wielding a shortbow (lightly wounded)
You reach to attack!
You barely miss the centaur.
The centaur is lightly wounded.
The centaur shoots an arrow.
The arrow hits you.
* * * LOW HITPOINT WARNING * * *
The centaur shoots an arrow.
The arrow closely misses you.
Unknown command.
The hound bites you but does no damage. The hound barely misses you.
A worm comes into view.
The centaur shoots an arrow.
The arrow closely misses you.
Things that are here:
an arrow; 14 gold pieces The centaur shoots an arrow.
The arrow barely misses you. The hound bites you but does no damage.
You see here 3 arrows.
The centaur shoots an arrow.
The arrow hits you!
* * * LOW HITPOINT WARNING * * *
You see here an arrow.
The centaur shoots an arrow.
The arrow hits you!
You die...

#. #. ##.
###.. ###.$..
....#..#######
#....c#....#
#.###.(....#
#..(h(@.#
#.....###.##
#..###.# #.#
... #.# #?# w#
#.# #.# #.#
?.# #.. >## ##
.


You could see a centaur and a hound.

Vanquished Creatures
  A jelly (D:3)
  A hound (D:4)
  3 orc wizards
  Crazy Yiuf (D:2)
  An orc priest (D:4)
  7 gnolls
  3 adders
  An adder skeleton (D:3)
  2 dart slugs
  5 orcs
  7 giant cockroaches
  4 goblins
  11 hobgoblins
  10 jackals
  2 quokkas
  2 ball pythons
  3 bats
  2 giant newts
  6 kobolds
  7 rats
79 creatures vanquished.

Notes
Turn   | Place    | Note
-------+----------+-------------------------------------------
     0 | D:1      | Arkorax the Draconian Gladiator began the quest for the Orb.
     0 | D:1      | Reached XP level 1. HP: 17/17 MP: 1/1
   147 | D:1      | Reached XP level 2. HP: 25/25 MP: 2/2
   743 | D:2      | Reached XP level 3. HP: 30/30 MP: 3/3
  1092 | D:2      | Found a runed door.
  1445 | D:2      | Noticed Crazy Yiuf
  1454 | D:2      | Killed Crazy Yiuf
  1454 | D:2      | Reached XP level 4. HP: 39/39 MP: 4/4
  1909 | D:3      | Found a hazy altar of Hepliaklqana.
  1916 | D:3      | Reached XP level 5. HP: 46/46 MP: 5/5
  2309 | D:3      | Found a faded altar of an unknown god.
  2422 | D:3      | Noticed Terence
  3060 | D:4      | Found a snail-covered altar of Cheibriados.
  3068 | D:4      | Reached XP level 6. HP: 45/53 MP: 6/6
  3158 | D:4      | Reached skill level 5 in Fighting
  3171 | D:4      | Reached skill level 5 in Polearms
  3270 | D:4      | Found Joag's Armour Shop.
  3845 | D:5      | Entered Level 5 of the Dungeon
  3858 | D:5      | Shot with an arrow by a centaur

Vault maps used:
D:1:      dpeg_arrival_radiant, minivault_25
D:2:      first_bread, serial_glass, glass_columns_c, glass_columns_b,
          grunt_decor_one_mirror, uniq_crazy_yiuf_cottage
D:3:      nicolae_overflow_hidden_temple, ecumenical_altar_1, uniq_terence
D:4:      cheibriados_altar_wand_db, serial_shops, shop

Skill      XL: |  1  2  3  4  5  6 |
---------------+-------------------+-----
Fighting       | 3 4 5 |  5.1
Dodging        | 3 |  3.8
Polearms       | 4 5 |  5.2
Throwing       | |  1.7

Action                   |  1- 3 |  4- 6 || total
-------------------------+-------+-------++-------
Melee: Trident           |   115 |   177 ||   292
       Tailslap          |    13 |    25 ||    38
Throw: Throwing net      |     1 |       ||     1
  Use: Scroll            |       |     2 ||     2
 Stab: Sleeping          |     4 |     1 ||     5
       Distracted        |       |     1 ||     1
  Eat: Chunk             |     1 |       ||     1
       Bread ration      |       |     2 ||     2
Armor: Skin              |    21 |    50 ||    71
Dodge: Dodged            |    57 |   108 ||   165
